Map: Ascension to Aiur LE

Players

Rote - Winner!

  • Race: Terran Terran
  • Spawn Location: 5:00

WerA

  • Race: Zerg Zerg
  • Spawn Location: 11:00

Event: WCS Valencia 2017

VOD

Have the link to the VOD?

Description

Time

  • Played on: July 13, 2017, 7:17 a.m.
  • Length: 22:17

All games in this series

Show
View Real Time Build Order
Export as new Build Order

Rote Terran - Winner!

Build Orders: Reaper Expand, MMM Bio, Banshee Rush 

Get SALT Encoding   

  12  0:00  SCV  
  13  0:12  SCV  
  14  0:17  Supply Depot  
  14  0:25  SCV  
  14  0:28  Refinery  
  15  0:39  SCV  
  16  0:45  Barracks  
  16  0:51  SCV  
  17  1:03  SCV  
  18  1:15  SCV  
  19  1:31  Reaper  
  19  1:32  Orbital Command  
  20  1:44  Command Center  
  20  1:54  Factory  
  20  1:58  SCV  
  21  2:03  Refinery  
  21  2:08  Barracks Reactor  
  21  2:10  SCV  
  22  2:16  Supply Depot  
  22  2:22  SCV  
  23  2:38  SCV  
  23  2:41  Starport  
  24  2:48  Hellion x2  
  24  2:50  SCV  
  29  2:53  Barracks Tech Lab  
  29  2:58  Orbital Command  
  29  3:06  SCV  
  29  3:12  Hellion x2  
  34  3:18  SCV  
  35  3:26  SCV  
  36  3:28  Cloaking Field  
  36  3:29  Banshee  
  39  3:38  Supply Depot  
  39  3:39  SCV x2  
  41  3:44  Marine  
  42  3:51  SCV x2  
  43  4:03  SCV  
  40  4:12  Banshee  
  40  4:13  SCV  
  40  4:14  Supply Depot  
  40  4:17  SCV  
  40  4:19  Command Center  
  40  4:22  Barracks Tech Lab  
  41  4:25  SCV  
  41  4:29  SCV, Barracks  
  43  4:34  Factory Reactor, Supply Depot  
  43  4:37  SCV  
  44  4:39  Barracks  
  44  4:42  Stimpack, SCV  
  45  4:46  Marine  
  45  4:50  SCV  
  47  4:54  SCV  
  48  5:02  SCV  
  48  5:03  Starport Reactor  
  48  5:05  Engineering Bay  
  48  5:06  Marine, Engineering Bay, Refinery x2, SCV  
  51  5:14  SCV  
  52  5:18  Marine x2, SCV  
  52  5:20  Factory Reactor  
  55  5:26  Barracks  
  55  5:27  Barracks  
  56  5:28  SCV  
  56  5:30  Marine  
  56  5:31  Marine x2  
  56  5:34  Terran Infantry Armor Level 1, Terran Infantry Weapons Level 1  
  59  5:36  Marine  
  60  5:55  Marine x3  
  60  5:56  Marine x2  
  65  5:58  Medivac x2  
  65  6:02  Orbital Command  
  65  6:04  Supply Depot  
  69  6:20  Barracks Reactor, Marine  
  69  6:21  Siege Tank, Barracks Reactor  
  69  6:24  Orbital Command, SCV x2  
  75  6:30  Supply Depot  
  75  6:31  Marine  
  75  6:32  Marine  
  77  6:36  SCV  
  77  6:37  Marine x2  
  77  6:38  Marine  
  81  6:44  Combat Shields  
  81  6:46  Supply Depot  
  81  6:47  SCV  
  81  6:49  Marine, SCV, Armory  
  83  6:54  Marine x2  
  83  6:55  Siege Tank, Marine  
  83  6:56  Medivac  
  83  6:58  SCV  
  83  6:59  SCV  
  83  7:01  SCV, Medivac  
  95  7:09  Marine x4, Supply Depot  
  95  7:11  SCV  
  100  7:19  Marine x4  
  100  7:20  Marine  
  100  7:22  Supply Depot  
  102  7:34  Marine  
  102  7:35  Siege Tank  
  105  7:37  Terran Infantry Weapons Level 2  
  105  7:38  Terran Infantry Armor Level 2  
  105  7:39  Supply Depot  
  105  7:40  SCV x3  
  105  7:41  Refinery  
  105  7:43  Refinery  
  108  7:45  Supply Depot  
  108  7:50  Marine x3  
  108  7:51  Marine x2, Supply Depot  
  113  7:52  SCV  
  113  7:57  Marine  
  115  7:59  Supply Depot  
  115  8:03  SCV x2, Supply Depot  
  115  8:04  SCV  
  118  8:05  Marine  
  118  8:06  Marine x2, Supply Depot  
  118  8:08  Marine x2  
  118  8:11  Supply Depot  
  123  8:15  SCV, Terran Vehicle Weapons Level 1  
  123  8:19  Marine x4  
  128  8:31  Supply Depot  
  125  8:39  Marine  
  125  8:40  Marine x3  
  129  8:43  Marine  
  129  8:44  Medivac x2  
  133  8:52  Siege Tank  
  123  8:56  Factory  
  123  8:59  Marine x3  
  126  9:03  Marine x6  
  132  9:14  Medivac x2  
  132  9:16  Marine  
  132  9:17  Marine x2  
  137  9:24  Marine x4  
  139  9:25  Siege Tank, Marine x2  
  147  9:34  Marine x2  
  147  9:35  Marine, SCV x2  
  147  9:36  SCV  
  153  9:44  Marine x5, Medivac x2  
  162  9:47  SCV  
  162  9:48  SCV  
  164  9:57  Siege Tank  
  164  10:05  Marine  
  164  10:06  Marine x7  
  164  10:07  Marine  
  172  10:09  Factory Tech Lab  
  172  10:10  Terran Infantry Weapons Level 3, Terran Infantry Armor Level 3  
  172  10:14  Medivac x2  
  163  10:23  Marine x2  
  163  10:24  Marine x2  
  163  10:28  Command Center  
  167  10:31  Marine x5  
  167  10:34  Supply Depot  
  172  10:42  Marine x4  
  174  10:49  Marine  
  174  10:53  Marine x3  
  174  10:54  Marine  
  166  10:59  Siege Tank  
  166  11:00  Siege Tank, Marine x2  
  166  11:01  Medivac x2  
  166  11:02  Marine x2  
  166  11:03  Terran Vehicle Weapons Level 2  
  180  11:06  Marine  
  180  11:11  Marine x4  
  181  11:18  Marine x2  
  186  11:20  Marine  
  186  11:24  Marine x2  
  175  11:30  Marauder, Marine x3  
  175  11:31  Siege Tank, Medivac x2  
  175  11:32  Siege Tank  
  185  11:37  Starport  
  185  11:55  Command Center  
  184  12:03  Marine x3  
  184  12:04  Siege Tank, Marine x3  
  193  12:12  Siege Tank  
  196  12:24  Marauder  
  198  12:46  Marauder  
  200  12:53  Liberator  
  198  13:32  Liberator x3  
  186  13:53  Liberator  
  174  14:02  Marauder, Marine  
  174  14:03  Marine x2  
  176  14:14  Liberator  
  176  14:15  Liberator x2, Planetary Fortress  
  176  14:17  Orbital Command  
  162  14:22  Command Center  
  126  14:24  Marauder  
  108  14:31  Marine x2  
  108  14:32  Marine x4  
  108  14:35  Marine x2  
  108  14:36  Liberator  
  119  14:45  Marauder  
  118  14:49  Marine x2, Refinery x2  
  118  14:50  Marine x4  
  124  14:57  Liberator  
  126  15:06  Marine  
  126  15:07  Siege Tank, Marauder, Marine x2  
  129  15:08  Thor  
  129  15:09  Marine x3  
  129  15:10  Marine x2  
  148  15:24  Marine  
  140  15:28  Marauder  
  140  15:35  Command Center  
  140  15:42  Siege Tank  
  143  15:43  Orbital Command  
  143  15:48  Orbital Command  
  143  15:49  Liberator  
  143  15:50  Liberator x2  
  143  15:51  Siege Tank  
  146  16:04  Marauder, Marine x7  
  146  16:05  Marine  
  165  16:14  Siege Tank  
  166  16:31  Marauder, Marine x3  
  166  16:32  Marine  
  170  16:36  Marine  
  170  16:39  Marine  
  164  16:46  Marine  
  164  16:47  Marine  
  162  16:50  Orbital Command  
  162  16:53  Marauder  
  165  17:02  Marine x4  
  164  17:14  Marauder  
  164  17:15  Orbital Command  
  166  17:17  Marine x4  
  170  17:26  Planetary Fortress  
  167  17:36  Marauder  
  169  17:38  Marine  
  165  17:57  Marauder  
  154  18:06  Marine x2  
  155  18:14  Marine  
  155  18:18  Marauder  
  154  18:40  Marauder  
  157  18:45  Marine x4  
  157  18:46  Marine x3  
  157  18:47  Marine  
  161  19:01  Marauder  
  163  19:03  Marine  
  164  19:18  Marine x6  
  164  19:19  Marine  
  164  19:21  Marine  
  164  19:22  Marauder  
  171  19:29  Medivac x3  
  171  19:30  Medivac  
  179  19:35  Missile Turret  
  179  19:36  Marine, SCV  
  179  19:37  SCV x3  
  184  19:41  Missile Turret  
  184  19:43  Missile Turret  
  184  19:44  Marauder  
  186  19:48  SCV  
  186  19:49  Orbital Command  
  186  20:01  Marine x5  
  186  20:02  Marine x3  
  186  20:05  Marauder  
  186  20:06  Medivac  
  186  20:07  Medivac  
  200  20:16  Command Center  
  200  20:20  Bunker  
  179  20:30  Liberator x4  
  156  20:48  Marauder, Marine x5  
  175  20:55  Missile Turret  
  174  21:13  Liberator x2  
  174  21:14  Marine x4  
  174  21:15  Marauder, Marine x4  
  174  21:16  Siege Tank  
  174  21:17  Siege Tank  
  189  21:27  Orbital Command  
  189  21:32  Marine x5  
  194  21:36  Marauder  
  194  21:46  Marine x3  
  184  21:50  Marine x4  
Show
View Real Time Build Order
Export as new Build Order

WerA Zerg 

Build Orders: Hatch First 

Get SALT Encoding   

  12  0:00  Drone  
  13  0:12  Overlord  
  13  0:18  Drone  
  14  0:31  Drone x2  
  14  0:34  Drone  
  17  0:54  Hatchery  
  17  0:56  Drone  
  17  1:10  Spawning Pool  
  16  1:13  Extractor  
  16  1:15  Drone  
  16  1:19  Drone  
  16  1:22  Drone  
  18  1:28  Drone  
  19  1:38  Overlord  
  19  1:57  Queen  
  19  1:58  Zergling x2  
  19  2:00  Zergling x2  
  23  2:06  Queen  
  23  2:07  Drone  
  26  2:14  Metabolic Boost  
  26  2:16  Drone  
  26  2:20  Drone  
  28  2:24  Drone  
  29  2:31  Drone  
  29  2:32  Queen  
  29  2:36  Overlord  
  32  2:39  Drone  
  33  2:45  Drone  
  34  2:52  Drone  
  34  2:57  Drone  
  36  3:02  Hatchery  
  36  3:04  Drone  
  36  3:06  Drone  
  36  3:08  Drone  
  36  3:09  Drone  
  39  3:15  Overlord  
  39  3:18  Drone x2  
  41  3:27  Drone x3  
  41  3:33  Overlord  
  44  3:41  Drone x4  
  45  3:46  Extractor  
  45  3:48  Extractor  
  46  3:50  Evolution Chamber  
  46  3:52  Drone x2  
  46  3:53  Roach Warren, Drone x2  
  48  3:57  Drone  
  49  4:03  Zergling x2  
  45  4:19  Drone x6  
  51  4:25  Zerg Ground Armor Level 1  
  51  4:31  Queen  
  51  4:34  Roach x4  
  61  4:44  Drone  
  62  4:46  Drone x2  
  62  4:47  Drone  
  62  4:49  Lair  
  62  4:51  Drone  
  62  4:52  Overlord x3  
  66  4:58  Extractor  
  65  5:04  Spore Crawler, Drone  
  65  5:07  Spore Crawler, Drone  
  66  5:12  Drone x8  
  73  5:23  Drone x3  
  76  5:29  Roach  
  76  5:30  Roach x4  
  76  5:32  Spore Crawler  
  76  5:34  Spore Crawler  
  76  5:35  Spore Crawler  
  83  5:39  Queen  
  80  5:47  Overseer  
  75  5:51  Drone x4  
  75  5:52  Drone x3  
  77  5:58  Drone x3  
  77  6:02  Infestation Pit  
  78  6:06  Hydralisk Den  
  78  6:10  Drone  
  78  6:11  Drone x2  
  75  6:12  Drone  
  75  6:14  Drone  
  76  6:22  Zerg Ground Armor Level 2  
  76  6:24  Drone  
  76  6:25  Drone  
  78  6:33  Drone x5  
  78  6:39  Infestor x2  
  87  6:54  Muscular Augments  
  87  6:55  Drone  
  87  6:56  Drone x2  
  87  6:59  Overlord x2  
  89  7:06  Hatchery  
  88  7:14  Drone  
  89  7:25  Roach  
  89  7:26  Roach x7  
  89  7:28  Overlord x4  
  103  7:40  Glial Reconstitution  
  103  7:44  Extractor, Hive  
  103  7:46  Extractor  
  103  7:48  Hydralisk x3  
  103  7:49  Zergling x8  
  111  7:57  Drone  
  111  7:58  Drone  
  113  8:07  Drone x3  
  113  8:09  Drone x3  
  119  8:15  Evolution Chamber  
  119  8:16  Hydralisk x2  
  122  8:23  Hydralisk x7  
  136  8:41  Zerg Missile Weapons Level 1  
  126  9:00  Overlord  
  126  9:01  Overlord x6  
  126  9:06  Zerg Ground Armor Level 3, Ultralisk Cavern  
  125  9:17  Burrow  
  125  9:21  Hatchery  
  125  9:22  Ravager  
  125  9:23  Ravager  
  122  9:29  Zergling x2  
  122  9:30  Zergling x24  
  133  9:54  Chitinous Plating  
  133  9:55  Ultralisk  
  121  10:14  Ultralisk  
  121  10:15  Zergling x10  
  121  10:16  Zergling x8  
  121  10:20  Zergling x2  
  136  10:40  Ultralisk x2  
  137  10:53  Ravager x3  
  137  10:55  Zergling x2  
  137  10:56  Zergling x14  
  146  11:00  Drone  
  146  11:01  Drone x2  
  149  11:06  Drone  
  150  11:30  Overlord x3  
  150  11:33  Adrenal Glands  
  150  11:43  Zerg Missile Weapons Level 2  
  150  11:48  Drone x4  
  150  11:50  Drone  
  150  11:51  Drone x10  
  164  12:03  Ultralisk  
  164  12:04  Zergling x6  
  173  12:14  Extractor, Drone  
  173  12:15  Extractor, Drone x3  
  175  12:18  Overlord x3  
  175  12:31  Drone x15  
  175  12:35  Overlord x4  
  175  12:46  Hydralisk x2  
  175  12:49  Infestor, Overlord x3  
  175  12:50  Infestor x2  
  170  13:09  Spore Crawler  
  170  13:11  Spore Crawler  
  164  13:16  Ultralisk x2  
  164  13:17  Zergling x18  
  185  13:25  Queen  
  185  13:26  Queen  
  191  13:34  Drone x5  
  178  13:42  Ultralisk, Zergling x2  
  178  13:43  Zergling x2  
  181  14:01  Ultralisk, Zergling x2  
  181  14:02  Zergling x2  
  181  14:15  Hatchery  
  122  14:25  Hydralisk x3  
  122  14:26  Zergling x2  
  123  14:38  Hydralisk  
  118  14:48  Ravager  
  118  14:49  Ravager x2  
  118  14:52  Ultralisk  
  127  15:03  Zergling x6  
  122  15:31  Hydralisk x5  
  122  15:32  Zergling x2  
  123  15:44  Infestor  
  123  15:46  Zergling x6  
  123  15:47  Zergling x2  
  129  16:05  Hatchery  
  129  16:10  Infestor x2  
  117  16:43  Ultralisk  
  117  16:44  Zergling x8  
  117  16:45  Zergling x4  
  121  16:54  Infestor  
  122  17:09  Ultralisk, Zergling x4  
  127  17:24  Zergling x2  
  127  17:25  Zergling x12  
  127  17:26  Zergling x2  
  133  18:04  Hydralisk x8  
  133  18:05  Zergling x2  
  147  18:06  Zergling x4  
  150  18:17  Hydralisk  
  150  18:19  Zergling x6  
  134  18:40  Hatchery  
  133  18:59  Infestor x2  
  133  19:01  Hatchery  
  133  19:02  Zergling x8  
  129  19:31  Infestor  
  129  19:32  Zergling x2  
  129  19:33  Zergling x8  
  120  20:09  Ultralisk  
  120  20:10  Zergling x8  
  96  20:40  Hydralisk  
  96  20:41  Hydralisk x3  
  93  21:02  Infestor x2  
  97  21:07  Zergling x2  
  97  21:08  Zergling x8  
  92  21:23  Extractor  
  92  21:24  Extractor, Drone x3  
  93  21:29  Zergling x2  
  93  21:30  Zergling x6  
  76  21:52  Zergling x2  
  76  21:53  Zergling x4  
  73  21:59  Drone x2  
  73  22:00  Drone  
Tags
 
Add a new tag
Caveats
  • Supply blocks, unpowered buildings, or Contaminate may cause inaccurate times.
  • Supply counts are checked every 10 seconds.